 Dungeon Crawl Stone Soup version 0.29.1-1-gd02db6906a (webtiles) character file.

Game seed: 9534490597932324252

32 NullDivider the Sneak (level 3, 0/21 HPs)
             Began as an Octopode Hedge Wizard on Sept 22, 2022.
             Slain by an endoplasm (1 damage)
             ... on level 2 of the Dungeon.
             The game lasted 00:03:57 (2062 turns).

NullDivider the Sneak (Octopode Hedge Wizard)       Turns: 2062, Time: 00:03:58

Health: 0/21       AC:  1    Str:  9    XL:     3   Next: 27%
Magic:  7/7        EV: 13    Int: 16    God:
Gold:   87         SH:  0    Dex: 13    Spells: 3/8 levels left

rFire   . . .      SeeInvis .   g - +0 dagger (elec)
rCold   . . .      Faith    .   (no shield)
rNeg    . . .      Spirit   .   b - +0 hat
rPois   .          Reflect  .   (no amulet)
rElec   .          Harm     .   (no ring)
rCorr   .          Rampage  .   (no ring)
Will    .....                   (no ring)
Stlth   +++.......              (no ring)
HPRegen 0.07/turn               (no ring)
MPRegen 0.10/turn               (no ring)
                                (no ring)
                                (no ring)

@: no status effects
A: almost no armour, amphibious, 8 rings, camouflage 1, gelatinous body 1,
(nimble swimmer 1), tentacles
a: no special abilities


You were on level 2 of the Dungeon.
You visited 1 branch of the dungeon, and saw 2 of its levels.

You collected 87 gold pieces.

Inventory:

Hand Weapons
 g - a +0 dagger of electrocution (weapon)
Armour
 b - a +0 hat (worn)
Scrolls
 e - a scroll of noise {unknown}
 f - a scroll of magic mapping {unknown}
Potions
 a - a potion of resistance {unknown}
 c - a potion of magic
 d - 3 potions of curing {unknown}
 h - a potion of mutation {unknown}


   Skills:
 * Level 1.1 Short Blades
 + Level 2.1 Dodging
 * Level 3.3 Stealth
 * Level 3.1 Spellcasting
 + Level 1.2 Conjurations
 + Level 1.4 Summonings
 + Level 1.2 Translocations


You had 3 spell levels left.
You knew the following spells:

 Your Spells              Type           Power      Damage    Failure   Level
a - Magic Dart            Conj           24%        1d4       11%         1
b - Call Imp              Summ           7%         N/A       16%         2
c - Blink                 Tloc           12%        N/A       17%         2

Your spell library contained the following spells:

 Spells                   Type           Power      Damage    Failure   Level
 Slow                     Hex            8%         N/A       19%         1
 Conjure Flame            Conj/Fire      4%         6-21      41%         3
 Mephitic Cloud           Conj/Pois/Air  3%         N/A       43%         3


Dungeon Overview and Level Annotations

Branches:
Dungeon (2/15)

Altars:


Innate Abilities, Weirdness & Mutations

You cannot wear most types of armour.
You are amphibious.
You can wear up to eight rings at the same time.
Your skin changes colour to match your surroundings (Stealth+).
Your rubbery body absorbs attacks. (AC +1, EV +1)
((You are camouflaged when in or above water. (Stealth+)))
You have tentacles for arms and can constrict up to eight enemies at once.


Message History

An adder comes into view.
Found a scroll labelled UBIVVO UXIOGY.
An endoplasm comes into view.
Found a sling.
The endoplasm quivers.
The adder hisses angrily.
You hear an angry hiss.
The adder misses you. The endoplasm freezes you.
You are frozen.
The adder barely misses you.
You closely miss the adder. Your grab misses the adder.
An adder comes into view.
The endoplasm freezes you.
You are frozen.
The adder completely misses you.
You closely miss the adder. Your grab misses the adder. The endoplasm hits you.
The adder bites you.
You are too injured to fight recklessly!
You barely miss the adder. Your grab misses the adder.
The endoplasm freezes you.
You are frozen.
* * * LOW HITPOINT WARNING * * *
You miss the adder. Your grab misses the adder. The adder closely misses you.
The endoplasm barely misses you. The adder bites you but does no damage.
The adder closely misses you.
You hit the adder. You grab the adder. You squeeze the adder.
The adder is severely wounded.
You constrict the adder. The adder bites you.
* * * LOW HITPOINT WARNING * * *
The endoplasm misses you. The adder bites you.
* * * LOW HITPOINT WARNING * * *
You hit the adder but do no damage. You grab the adder. You squeeze the adder.
The adder is moderately wounded.
You constrict the adder. x2; The adder closely misses you.
The endoplasm barely misses you. The adder closely misses you. x2
You hit the adder but do no damage.
You squeeze the adder, but do no damage.
The adder is almost dead.
You constrict the adder. x2; The adder bites you.
* * * LOW HITPOINT WARNING * * *
The endoplasm hits you.
You die...

#############
######...........#
.......#########.###
..........#........#
..).....#.#.####.#.#
#######..........#.#
..#...#...#..# #
#.#.......#..#
#.#.......#S@#
#.#.......#JS#
#.#.....#.#.?#
#####.#........)..
......#.#.....#..#
#....##...........
+.)..........>..#.
#..).########### .
..........#


You could see 2 adders and an endoplasm.

Vanquished Creatures
  An adder (D:2)
  A bat (D:1)
  3 endoplasms (D:1)
  2 giant cockroaches (D:1)
  A hobgoblin (D:1)
  2 kobolds
  A quokka (D:1)
  2 ball pythons (D:1)
  6 goblins
  2 rats (D:1)
21 creatures vanquished.

Notes
Turn   | Place    | Note
-------+----------+-------------------------------------------
     0 | D:1      | NullDivider the Octopode Hedge Wizard began the quest for
                  | the Orb.
     0 | D:1      | Reached XP level 1. HP: 11/11 MP: 4/4
    59 | D:1      | Found a faded altar of an unknown god.
   461 | D:1      | Reached XP level 2. HP: 17/17 MP: 6/6
  1488 | D:1      | Learned a level 2 spell: Call Imp
  1491 | D:1      | Learned a level 2 spell: Blink
  1569 | D:2      | Reached skill level 1 in Short Blades
  1569 | D:2      | Reached XP level 3. HP: 10/21 MP: 7/7
  2062 | D:2      | HP: 1/21 [adder (4)]
  2062 | D:2      | Slain by an endoplasm

Illustrated notes

Levels and vault maps discovered:
D:1:      minmay_arrival_doors, layout_loops_ring,
          nicolae_ecumenical_lake_church, serial_forest,
          infiniplex_forest_end_3, infiniplex_forest_lined_room_2,
          infiniplex_forest_end_3, infiniplex_forest_lined_2,
          infiniplex_forest_straight_3, infiniplex_forest_side_room,
          infiniplex_forest_split, infiniplex_forest_corner_2,
          infiniplex_forest_lined_corner
D:2:      layout_basic, chequers_serial_rivers_micro_e, serial_bayou_pond_a

Skill      XL: |  1  2 |
---------------+-------+-----
Stealth        | 3 |  3.3
Short Blades   | 1 |  1.1
Dodging        | |  2.1
Spellcasting   | |  3.1
Conjurations   | |  1.2
Summonings     | |  1.4
Translocations | |  1.2

Action                   || total
-------------------------++-------
Melee: Dagger            ||    53
       Constrict         ||     9
       Tentacles         ||     6
       Punch             ||     1
 Cast: Magic Dart        ||     3
 Stab: Sleeping          ||     8
Armor: Skin              ||     3
Dodge: Dodged            ||    24
